Map: 2000 атмосфер РВ

Players

Ashbringer - Winner!

  • Race: Protoss Protoss

Probe

  • Race: Protoss Protoss

Event: DreamHack SC2 Masters Last Chance 2022

VOD

Have the link to the VOD?

Description

Time

  • Played on: Dec. 15, 2021, 4:43 a.m.
  • Length: 4:54

All games in this series

Show
View Real Time Build Order
Export as new Build Order

Ashbringer Protoss - Winner!

Build Orders:  

Get SALT Encoding   

  12  0:00  Probe  
  13  0:12  Probe  
  14  0:17  Pylon  
  14  0:24  Probe (Chrono Boost)  
  16  0:37  Gateway, Probe (Chrono Boost)  
  16  0:41  Probe (Chrono Boost)  
  16  0:45  Assimilator  
  17  0:52  Probe (Chrono Boost)  
  17  0:54  Assimilator  
  18  1:04  Probe (Chrono Boost)  
  18  1:08  Gateway  
  19  1:13  Probe (Chrono Boost)  
  20  1:18  Probe  
  20  1:24  Cybernetics Core  
  21  1:30  Probe  
  22  1:34  Pylon  
  22  1:43  Probe  
  23  1:55  Probe  
  23  2:00  Stalker  
  23  2:01  Sentry  
  28  2:04  Warp Gate  
  28  2:12  Pylon  
  28  2:26  Pylon  
  28  2:30  Stalker x2  
  31  2:44  Robotics Facility  
  31  2:48  Gateway  
  31  3:01  Stalker x2  
  35  3:08  Pylon  
  35  3:29  Warp Prism (Chrono Boost)  
  37  3:37  Shield Battery  
  37  3:53  Stalker x3  
  43  4:00  Pylon  
  43  4:23  Stalker x3  
  46  4:46  Adept  
  46  4:47  Adept x2  
Show
View Real Time Build Order
Export as new Build Order

Probe Protoss 

Build Orders:  

Get SALT Encoding   

  12  0:00  Probe  
  13  0:12  Probe  
  14  0:17  Pylon  
  14  0:24  Probe (Chrono Boost)  
  15  0:37  Probe (Chrono Boost)  
  15  0:38  Gateway  
  16  0:44  Probe (Chrono Boost)  
  16  0:47  Assimilator  
  17  0:51  Probe  
  18  0:57  Assimilator  
  18  1:03  Probe (Chrono Boost)  
  19  1:10  Gateway  
  19  1:13  Probe (Chrono Boost)  
  20  1:18  Probe (Chrono Boost)  
  21  1:28  Cybernetics Core  
  21  1:29  Probe  
  22  1:41  Probe  
  22  1:42  Pylon  
  23  2:00  Probe  
  24  2:04  Stalker x2  
  24  2:06  Warp Gate (Chrono Boost)  
  28  2:12  Probe  
  29  2:16  Pylon  
  29  2:24  Pylon  
  29  2:25  Probe  
  30  2:34  Stalker  
  30  2:37  Probe  
  33  2:39  Stalker  
  35  2:50  Probe  
  36  3:05  Sentry  
  38  3:13  Nexus  
  38  3:15  Shield Battery  
  38  3:18  Probe  
  39  3:24  Pylon  
  39  3:32  Twilight Council  
  39  3:42  Probe  
  39  3:43  Shield Battery  
  40  3:54  Probe  
  40  3:55  Adept  
  43  3:57  Adept  
  45  4:06  Probe  
  46  4:11  Pylon  
  46  4:18  Probe  
  47  4:24  Forge  
  47  4:27  Probe  
  47  4:31  Probe  
  49  4:36  Sentry x2  
  47  4:45  Shield Battery  

Tags
 
Add a new tag
Caveats
  • Supply blocks, unpowered buildings, or Contaminate may cause inaccurate times.
  • Supply counts are checked every 10 seconds.